 Dungeon Crawl Stone Soup version 0.29-a0-670-g5ff2a30383 (webtiles) character file.

Game seed: 17261312831138506896

1173 KristoblXynda the Skirmisher (level 8, 0/71 HPs)
             Began as a Pale Draconian Berserker on June 24, 2022.
             Was a Believer of Trog.
             Slain by an orc warrior
             ... wielding a +0 halberd
              (7 damage)
             ... in a bailey.
             The game lasted 00:05:35 (5755 turns).

KristoblXynda the Skirmisher (DrBe)                 Turns: 5755, Time: 00:05:36

Health: 0/71       AC:  8    Str: 22    XL:     8   Next: 18%
Magic:  8/8        EV: 18    Int:  7    God:    Trog [**....]
Gold:   245        SH:  0    Dex: 15    Spells: 7/7 levels left

rFire   + . .      SeeInvis .   u - +3 battleaxe (freeze)
rCold   . . .      Faith    .   (shield currently unavailable)
rNeg    + . .      Spirit   .   (body armour unavailable)
rPois   .          Reflect  .   (helmet restricted)
rElec   .          Harm     .   h - +1 cloak
rCorr   +          Rampage  .   (no gloves)
Will    .....                   (no boots)
Stlth   +.........              (no amulet)
HPRegen 0.21/turn               j - ring of positive energy
MPRegen 0.11/turn               b - ring "Daggakky" {rF+ rCorr EV+4 Dex+4}

@: on berserk cooldown, slowed, very slow
A: breathe steam, AC +6, unfitting armour, cold-blooded, steam resistance
a: Breathe Steam, Renounce Religion, Berserk, Trog's Hand


You were in a bailey.
You worshipped Trog.
Trog was pleased with you.
You visited 1 branch of the dungeon, and saw 7 of its levels.
You also visited: Bailey.

You collected 245 gold pieces.

Inventory:

Hand Weapons
 u - a +3 battleaxe of freezing (weapon)
Missiles
 a - 2 throwing nets (quivered)
 l - 5 javelins
 y - 4 silver javelins
Armour
 h - a +1 cloak (worn)
Jewellery
 b - the ring "Daggakky" (right hand) {rF+ rCorr EV+4 Dex+4}
   (You acquired it on level 7 of the Dungeon)

   [ring of evasion]

   EV:        It affects your evasion (+4).
   Dex:       It affects your dexterity (+4).
   rF:        It protects you from fire.
   rCorr:     It protects you from acid and corrosion.
 c - a ring of resist corrosion
 j - a ring of positive energy (left hand)
Wands
 k - a wand of mindburst (11)
 w - a wand of iceblast (7)
Scrolls
 e - 2 scrolls of enchant armour
 g - a scroll of immolation
Potions
 d - a potion of cancellation {unknown}
 f - a potion of mutation
 i - a potion of curing {unknown}
 m - a potion of might {unknown}
 s - 2 potions of brilliance


   Skills:
 + Level 6.8 Fighting
 * Level 6.7 Axes
 + Level 5.6 Dodging


You had 7 spell levels left.
You didn't know any spells.
Your spell library contained the following spells:

 Spells                   Type           Power      Damage    Failure   Level
 Conjure Flame            Conj/Fire      0%         6-21      80%         3
 Leda's Liquefaction      Hex/Erth       0%         N/A       99%         4
 Borgnjor's Vile Clutch   Necr/Erth      0%         N/A       100%        5
 Lehudib's Crystal Spear  Conj/Erth      0%         10d2      100%        8


Dungeon Overview and Level Annotations

Branches:
Dungeon (8/15)             Bailey (1/1)
 Temple: D:4-7         Lair: D:8-11

Altars:
Qazlal

Shops:
D:4 [

Annotations:
D:8 Amaemon


Innate Abilities, Weirdness & Mutations

You can breathe blasts of scalding, opaque steam.
Your pale cyan-grey scales are hard. (AC +6)
You cannot fit into any form of body armour.
You are cold-blooded and may be slowed by cold attacks.
You are immune to the effects of steam.


Message History

The orc warrior hits you but does no damage.
An orc comes into view. It is wielding a +0 spear.
You barely miss the orc warrior.
The orc warrior is moderately wounded.
You have got your breath back.
The orc warrior hits you with a +0 halberd!
The orc is engulfed in a cloud of scalding steam.
You barely miss the orc warrior.
The orc warrior is moderately wounded.
The orc warrior hits you with a +0 halberd!!
A red film seems to cover your vision as you go berserk!
You feel yourself moving faster!
You feel mighty!
The orc shouts!
You hear a shout!
An orc comes into view. It is wielding a +0 trident.
You feel a strong urge to attack something.
The orc shouts!
The orc warrior misses you.
The orc warrior hits you from afar with a +0 halberd!
The orc barely misses you.
You feel your anger nearly subside.
Things that are here:
a +0 trident; a +0 scale mail; an orc corpse You barely miss the orc.
The orc is severely wounded.
You slash the orc! You freeze the orc.
You kill the orc!
Trog accepts your kill. The orc completely misses you.
The orc warrior hits you from afar with a +0 halberd!
* * * LOW HITPOINT WARNING * * *
You are no longer berserk.
You are exhausted.
You feel yourself slow down.
The orc warrior hits you with a +0 halberd!
* * * LOW HITPOINT WARNING * * *
You closely miss the orc warrior.
The orc warrior is moderately wounded.
The orc closely misses you. The orc warrior closely misses you.
The orc warrior hits you with a +0 halberd!
You die...

..)≈≈...≈≈.....#..≈#
≈)≈≈.≈.≈.≈≈)≈..'..≈#
≈)≈.≈≈.≈≈.≈)≈≈.#..≈#
.≈≈)≈...≈.≈≈.≈.#..≈#
.≈.≈≈...≈≈.≈.≈.#).≈#
.≈.≈.⌠∩⌠.≈.≈.≈.#).≈#
.≈.≈..∩..≈.≈.≈.#..≈#
.≈.≈.⌠∩⌠.≈.≈.≈.#o.≈#
.≈.≈≈...≈≈.≈.≈.#@.≈#
.≈≈.≈...≈.≈≈.≈.#))≈#
≈)≈.≈≈≈≈≈.≈.≈≈.#o.≈#
≈)≈≈.....≈≈.≈.##..≈#
≈≈.≈≈≈.≈≈≈.≈≈.#⌠..≈#
)≈≈..≈.≈..≈≈..#...≈#
⌠.≈≈≈...≈≈≈.⌠.#...≈#
....≈≈≈≈≈....##...≈#
####....)#####....≈#


You could see an orc warrior and an orc.

Vanquished Creatures
  Sigmund (D:4)
  A black bear (D:5)
  4 centaurs
  2 scorpions
  4 wights (D:4)
  2 orc priests (D:4)
  An iguana (D:5)
  Ijyb (D:3)
  3 gnolls (D:3)
  4 adders
  A worm (D:2)
  2 dart slugs (D:4)
  18 orcs
  4 endoplasms
  4 giant cockroaches
  2 goblins
  7 hobgoblins
  6 jackals (D:2)
  5 quokkas
  5 ball pythons
  4 bats
  2 frilled lizards
  5 kobolds
  4 rats
92 creatures vanquished.

Vanquished Creatures (others)
  A plant (D:7)
1 creature vanquished.

Grand Total: 93 creatures vanquished

Notes
Turn   | Place    | Note
-------+----------+-------------------------------------------
     0 | D:1      | KristoblXynda the Draconian Berserker began the quest for
                  | the Orb.
     0 | D:1      | Reached XP level 1. HP: 19/19 MP: 1/1
   737 | D:1      | Reached XP level 2. HP: 7/26 MP: 2/2
  1804 | D:2      | Reached XP level 3. HP: 27/33 MP: 3/3
  2295 | D:2      | Got the Incunabulum of Flames and Clay
  2374 | D:2      | Found a faded altar of an unknown god.
  3154 | D:3      | Reached XP level 4. HP: 38/40 MP: 4/4
  3169 | D:3      | Noticed Ijyb
  3180 | D:3      | Killed Ijyb
  3617 | D:3      | Reached XP level 5. HP: 47/47 MP: 5/5
  3953 | D:4      | Reached skill level 5 in Fighting
  3956 | D:4      | Reached XP level 6. HP: 9/56 MP: 6/6
  4302 | D:4      | Reached ** piety under Trog
  4353 | D:4      | Noticed Sigmund
  4359 | D:4      | Reached skill level 5 in Axes
  4362 | D:4      | Killed Sigmund
  4363 | D:4      | Your scales start taking on a pale cyan-grey colour.
  4363 | D:4      | Reached XP level 7. HP: 50/63 MP: 7/7
  4363 | D:4      | Gained mutation: You are immune to the effects of steam.
                  | [Pale Draconian growth]
  4495 | D:4      | Reached skill level 5 in Dodging
  4975 | D:4      | Found a stormy altar of Qazlal.
  5024 | D:4      | Found Giwedo's Antique Armour Boutique.
  5164 | D:5      | Entered Level 5 of the Dungeon
  5241 | D:5      | You fall into a shaft and drop 3 floors!
  5252 | D:8      | Noticed Amaemon
  5252 | D:8      | Noticed an orange demon
  5268 | D:7      | Identified a scroll of acquirement
  5268 | D:7      | Acquired the ring "Daggakky" {rF+ rCorr EV+4 Dex+4}
  5426 | D:7      | Found a flagged portal.
  5453 | Bailey   | Entered a bailey
  5481 | Bailey   | Reached XP level 8. HP: 37/71 MP: 8/8
  5755 | Bailey   | Slain by an orc warrior

Illustrated notes

Levels and vault maps discovered:
D:1:      lemuel_arrival_river_bridge, layout_loops_corners
D:2:      layout_basic, shapermc_ecumenical_altar_mp_highgroup
D:3:      layout_basic, corexii_item_surrounded_by_moat, uniq_ijyb
D:4:      layout_basic, mainiacjoe_overflow_alcove_4, serial_shops,
          nicolae_shop_advertising_works [nicolae_subvault_shop_adworks],
          uniq_sigmund
D:5:      layout_cave_pools, serial_shops, shop, grunt_ministairs_14
D:7:      layout_gridville, minmay_temple_entry_stoned_glass, enter_bailey_2,
          worms_lemuel
D:8:      layout_cave_pools, serial_shops, nicolae_shop_hallway_stairs,
          uniq_pikel, uniq_amaemon
Bailey:   bailey_polearm_flooded_kennysheep, bailey

Skill      XL: |  1  2  3  4  5  6  7 |
---------------+----------------------+-----
Dodging        | 3 4 5 |  5.6
Fighting       | 4 5 6 |  6.8
Axes           | 4 5 6 |  6.7

Action                   |  1- 3 |  4- 6 |  7- 9 || total
-------------------------+-------+-------+-------++-------
Melee: Hand axe          |    96 |    52 |       ||   148
       Tailslap          |    13 |     6 |     4 ||    23
       Battleaxe         |       |    13 |    41 ||    54
Invok: Berserk           |     2 |     3 |     2 ||     7
 Abil: Breathe Steam     |       |       |     9 ||     9
Evoke: Wand              |       |       |     5 ||     5
  Use: Scroll            |     1 |       |    13 ||    14
 Stab: Sleeping          |     1 |       |     1 ||     2
Armor: Skin              |    33 |    21 |    15 ||    69
Dodge: Dodged            |    54 |    48 |    62 ||   164

Table legend: (Time is in decaauts)
 A = Elapsed time spent in this place.
 B = Non-inter-level travel time spent in this place.
 C = Inter-level travel time spent in this place.
 D = Time resting spent in this place.
 E = Time spent auto-exploring this place.
 F = Levels seen in this place.
 G = Mean time per level.
                   A        B        C        D        E       F      G
               +--------+--------+--------+--------+--------+-----+--------+
         Total |   5858 |   5708 |    150 |   1202 |   3789 |   8 |  732.2 |
       Dungeon |   5553 |   5403 |    150 |   1152 |   3687 |   7 |  793.3 |
        Bailey |    304 |    304 |      0 |     50 |    102 |   1 |  304.0 |
               +--------+--------+--------+--------+--------+-----+--------+

Top non-repeatable levels by time:
     D:2: 1626 daAuts
     D:1: 1561 daAuts
     D:4: 1246 daAuts
     D:3: 824 daAuts
  Bailey: 304 daAuts
     D:7: 197 daAuts
     D:5: 80 daAuts
     D:8: 16 daAuts
